 Dungeon Crawl Stone Soup version 0.29.1-15-g9cfb28693d (webtiles) character file.

Game seed: 6983457590223562814

14797 12sPaWn12 the Summoner (level 12, -5/91 HPs)
             Began as a Gnoll Summoner on Mar 21, 2023.
             Was the Champion of Zin.
             Slain by an orc warlord
             ... wielding a +1 great sword
              (33 damage)
             ... on level 1 of the Orcish Mines.
             The game lasted 00:47:41 (16563 turns).

12sPaWn12 the Summoner (Gnoll Summoner)            Turns: 16563, Time: 00:47:41

Health: -5/91      AC:  9    Str:  9    XL:     12   Next: 20%
Magic:  19/25      EV: 15    Int: 24    God:    Zin [******]
Gold:   716        SH:  5    Dex: 13    Spells: 11/29 levels left

rFire   + . .      SeeInvis +   i - +7 rapier of the Fortifying Saviour {venom, rF+ Will- Str+2 Int+4}
rCold   + . .      Faith    .   (no shield)
rNeg    . . .      Spirit   .   J - +0 troll leather armour
rPois   +          Reflect  +   (no helmet)
rElec   .          Harm     .   E - +2 cloak {rCorr}
rCorr   +          Rampage  .   d - +0 pair of gloves
Will    .....                   (no boots)
Stlth   +++++.....              C - amulet of reflection
HPRegen 1.05/turn               k - ring "Juson" {rC+ SInv Stlth+}
MPRegen 0.19/turn               m - ring of poison resistance

@: no status effects
A: fangs 1, strong nose, distributed training
a: Renounce Religion, Recite, Vitalisation, Imprison, Sanctuary, Donate Gold


You were on level 1 of the Orcish Mines.
You worshipped Zin.
Zin was exalted by your worship.
You visited 3 branches of the dungeon, and saw 13 of its levels.
You also visited: Ossuary and Bailey.

You collected 1337 gold pieces.
You spent 488 gold pieces at shops.
You donated 133 gold pieces to Zin.

Inventory:

Hand Weapons
 i - the +7 rapier of the Fortifying Saviour (weapon) {venom, rF+ Will- Str+2 Int+4}
   (You took it off a kobold on level 4 of the Dungeon)

   It poisons the flesh of those it strikes.
   Str:       It affects your strength (+2).
   Int:       It affects your intelligence (+4).
   rF:        It protects you from fire.
   Will:      It decreases your willpower.
Armour
 d - a +0 pair of gloves (worn)
 u - a +0 plate armour
 E - a +2 cloak of preservation (worn)
 J - a +0 troll leather armour (worn)
Jewellery
 a - a ring of flight
 k - the ring "Juson" (left hand) {rC+ SInv Stlth+}
   (You found it on level 2 of the Dungeon)

   [ring of protection from cold]

   rC:        It protects you from cold.
   SInv:      It lets you see invisible.
   Stlth:     It makes you more stealthy.
 m - a ring of poison resistance (right hand)
 p - an amulet of magic regeneration
 C - an amulet of reflection (around neck)
Wands
 f - a wand of iceblast (5)
 t - a wand of quicksilver (2)
 y - a wand of flame (24)
Scrolls
 c - a scroll of teleportation
 h - a scroll of identify
 j - 2 scrolls of brand weapon
 q - 4 scrolls of enchant weapon
 s - 2 scrolls of magic mapping
 v - 3 scrolls of enchant armour
 A - 3 scrolls of amnesia
 D - a scroll of blinking {unknown}
 F - 2 scrolls of fear {unknown}
 I - 5 scrolls of summoning
Potions
 b - 3 potions of magic
 e - 2 potions of attraction
 g - 3 potions of haste
 l - 2 potions of berserk rage
 n - 2 potions of flight {unknown}
 o - 2 potions of mutation
 r - a potion of lignification {unknown}
 w - 3 potions of cancellation {unknown}
 x - 5 potions of heal wounds
 z - a potion of resistance
 B - a potion of might {unknown}
 G - a potion of invisibility {unknown}
 H - 3 potions of brilliance {unknown}


   Skills:
 + Level 7.3 Fighting
 + Level 7.3 Short Blades
 + Level 7.3 Long Blades
 + Level 7.3 Axes
 + Level 7.3 Maces & Flails
 + Level 7.3 Polearms
 + Level 7.3 Staves
 + Level 7.3 Ranged Weapons
 + Level 7.3 Throwing
 + Level 7.3 Armour
 + Level 8.7 Dodging
 + Level 8.5 Stealth
 + Level 7.3 Shields
 + Level 7.3 Unarmed Combat
 + Level 9.0 Spellcasting
 + Level 6.1 Conjurations
 + Level 6.1 Hexes
 + Level 9.4 Summonings
 + Level 6.1 Necromancy
 + Level 6.1 Translocations
 + Level 6.1 Transmutations
 + Level 6.1 Fire Magic
 + Level 6.1 Ice Magic
 + Level 6.1 Air Magic
 + Level 6.1 Earth Magic
 + Level 6.1 Poison Magic
 + Level 8.0 Invocations
 + Level 7.3 Evocations


You had 11 spell levels left.
You knew the following spells:

 Your Spells              Type           Power      Damage    Failure   Level
a - Summon Small Mammal   Summ           100%       N/A       1%          1
b - Call Canine Familiar  Summ           54%        N/A       1%          3
c - Summon Guardian Gole  Hex/Summ       48%        N/A       1%          3
d - Summon Lightning Spi  Summ/Air       48%        N/A       3%          4
e - Summon Hydra          Summ           27%        N/A       80%         7

Your spell library contained the following spells:

 Spells                   Type           Power      Damage    Failure   Level
 Sting                    Tmut/Pois      100%       1d8       1%          1
 Call Imp                 Summ           54%        N/A       1%          2
 Poisonous Vapours        Pois/Air       80%        N/A       1%          2
 Sublimation of Blood     Necr           40%        N/A       1%          2
 Wereblood                Tmut           40%        N/A       1%          2
 Ozocubu's Armour         Ice            40%        N/A       1%          3
 Olgreb's Toxic Radiance  Pois           40%        N/A       6%          4
 Metabolic Englaciation   Hex/Ice        20%        N/A       17%         5
 Simulacrum               Ice/Necr       20%        N/A       67%         6
 Ozocubu's Refrigeration  Ice            20%        4d11      99%         7


Dungeon Overview and Level Annotations

Branches:
Dungeon (10/15)            Temple (1/1) D:6            Lair (0/5) D:10
    Orc (2/2) D:10        Ossuary (visited)          Bailey (visited)
    Elf: Orc:2

Altars:
Ashenzari
Cheibriados
Elyvilon
Fedhas
Gozag
Hepliaklqana
Kikubaaqudgha
Makhleb
Nemelex Xobeh
Okawaru
Ru
Sif Muna
Trog
Vehumet
Wu Jian
Xom
Yredelemnul
Zin
The Shining One

Shops:
D:1 (   D:7 *   D:8 *   Orc:1 *


Innate Abilities, Weirdness & Mutations

You have very sharp teeth.
Your uncanny sense of smell can sniff out nearby items.
Your experience applies equally to all skills.


Message History

The orc warlord roars a battlecry!
Casting: Summon Lightning Spire (dangerous; 3% risk of failure)
Confirm with . or Enter, or press ? or * to list all spells.
An electric hum fills the air.
Your lightning spire shoots out a bolt of lightning at the orc warlord!
The bolt of electricity hits the orc warlord!
Your lightning spire shoots out a bolt of lightning at the orc warlord!
The bolt of electricity hits the orc warlord!
There is a stone staircase leading up here.
Casting: Summon Lightning Spire (dangerous; 3% risk of failure)
Confirm with . or Enter, or press ? or * to list all spells.
You don't know that spell.
Unknown command.
You climb upwards.
There is a stone staircase leading down here.
Magic restored.
Done exploring.
You climb downwards.
The orc warlord hits you but does no damage.
There is a stone staircase leading up here.
The orc warlord misses you.
You climb upwards.
There is a stone staircase leading down here.
You can't go up here!
Unknown command.
Unknown command.
Casting: Summon Lightning Spire (dangerous; 3% risk of failure)
Confirm with . or Enter, or press ? or * to list all spells.
The orc warlord hits you with a +1 great sword!!!
Casting: Call Canine Familiar (safe; 1% risk of failure)
Confirm with . or Enter, or press ? or * to list all spells.
A guardian golem appears, shielding your allies.
The orc warlord hits you with a +1 great sword!!
* * * LOW HITPOINT WARNING * * *
The orc warlord attacks as you move away!
The orc warlord closely misses you.
Your wolf bites the orc warlord.
Your wolf closely misses the orc warlord.
The orc warlord attacks as you move away!
The orc warlord hits you with a +1 great sword!!
You die...

#.#### #.#### ##..#.##
####...# ##...#..# #.......
###......### ####......
##..........####..#......
##...........#.###........
##......................).)
#..........oh..........#...
####.......@9..........###..
###.#.......###...........###.
#..........## ##.........####.
####.......#####........).#.#.
#.......#....[)........#...
#<)......))..))............
####..).).)......[.........
#.....).).....#.....)....
##..........####.........


You could see an orc warlord (ally target), a friendly guardian golem (summoned)
and a friendly wolf (summoned, sheltered).

Vanquished Creatures
  Erica (D:8)
  Psyche (D:8)
  A komodo dragon (D:10)
  A troll (D:10)
  3 yaks
  A warg (Orc:1)
  3 water moccasins
  8 orc warriors
  2 black bears
  2 ice beasts
  4 ogres
  A phantom (D:7)
  A kobold brigand (D:7)
  3 bullfrogs
  4 scorpions
  2 wights (D:9)
  4 killer bees
  4 howler monkeys
  3 hounds
  3 jellies
  3 orc priests
  An iguana (D:5)
  An orc wizard (D:8)
  A gnoll (D:7)
  A river rat (D:5)
  3 adders
  A shadow imp (D:7)
  A white imp (D:7)
  7 worms
  A dart slug (D:4)
  20 orcs
  A bat (D:2)
  2 endoplasms
  A giant cockroach (D:1)
  2 hobgoblins (D:2)
  2 ball pythons (D:1)
  A frilled lizard (D:2)
  A gnoll zombie (Ossuary)
  15 kobolds
  An orc zombie (Ossuary)
  A rat (D:1)
119 creatures vanquished.

Vanquished Creatures (collateral kills)
  2 two-headed ogres
  2 orc high priests
  An orc knight (Bailey)
  2 orc sorcerers (Orc:2)
  Joseph (D:8)
  A troll (D:10)
  A hornet (D:8)
  8 yaks
  A warg (Orc:2)
  An acid dragon (D:10)
  10 orc warriors
  2 ice beasts (D:8)
  2 ogres (Orc:2)
  3 centaurs
  A bullfrog (D:8)
  A kobold brigand (D:8)
  4 elf zombies (Ossuary)
  A scorpion (D:4)
  7 wights
  6 killer bees
  A gnoll bouda (D:7)
  2 orc priests
  A hound (D:4)
  Jessica (D:3)
  7 orc wizards
  2 mummies (Ossuary)
  3 gnolls (D:7)
  3 adders
  4 worms
  The ghost of leafyfresh the Sneak, a weakling OpDe (D:5)
  2 dart slugs
  47 orcs
  5 ball pythons
  4 bats
  5 endoplasms
  5 giant cockroaches
  3 gnoll zombies (Ossuary)
  5 goblins
  5 hobgoblins
  7 jackals
  3 quokkas
  4 frilled lizards
  A goblin zombie (Ossuary)
  2 hobgoblin zombies (Ossuary)
  2 kobolds
  2 orc zombies (Ossuary)
  A rat (D:2)
185 creatures vanquished.

Vanquished Creatures (others)
  An orc knight (Bailey)
  4 orc warriors
  An ogre (Orc:1)
  An orc priest (Orc:1)
  3 orcs
  26 plants (D:10)
36 creatures vanquished.

Grand Total: 340 creatures vanquished

Notes
Turn   | Place    | Note
-------+----------+-------------------------------------------
     0 | D:1      | 12sPaWn12 the Gnoll Summoner began the quest for the Orb.
     0 | D:1      | Reached XP level 1. HP: 13/13 MP: 6/6
   514 | D:1      | Found Tujuirynk's Antique Weapon Shoppe.
   532 | D:1      | Reached XP level 2. HP: 19/19 MP: 5/7
  1304 | D:1      | Reached skill level 5 in Spellcasting
  1304 | D:1      | Reached XP level 3. HP: 24/25 MP: 5/9
  1614 | D:2      | Reached skill level 1 in Invocations
  1742 | D:2      | Found a faded altar of an unknown god.
  1766 | D:2      | Identified the ring "Juson" {rC+ SInv Stlth+}
  1957 | D:2      | Reached skill level 1 in Fighting
  1957 | D:2      | Reached skill level 1 in Short Blades
  1957 | D:2      | Reached skill level 1 in Long Blades
  1957 | D:2      | Reached skill level 1 in Axes
  1957 | D:2      | Reached skill level 1 in Maces & Flails
  1957 | D:2      | Reached skill level 1 in Polearms
  1957 | D:2      | Reached skill level 1 in Staves
  1957 | D:2      | Reached skill level 1 in Ranged Weapons
  1957 | D:2      | Reached skill level 1 in Throwing
  1957 | D:2      | Reached skill level 1 in Armour
  1957 | D:2      | Reached skill level 1 in Shields
  1957 | D:2      | Reached skill level 1 in Unarmed Combat
  1957 | D:2      | Reached skill level 1 in Evocations
  2310 | D:2      | Learned a level 3 spell: Call Canine Familiar
  2321 | D:2      | Reached XP level 4. HP: 24/32 MP: 6/11
  2704 | D:3      | Reached skill level 1 in Conjurations
  2704 | D:3      | Reached skill level 1 in Hexes
  2704 | D:3      | Reached skill level 1 in Necromancy
  2704 | D:3      | Reached skill level 1 in Translocations
  2704 | D:3      | Reached skill level 1 in Transmutations
  2704 | D:3      | Reached skill level 1 in Fire Magic
  2704 | D:3      | Reached skill level 1 in Ice Magic
  2704 | D:3      | Reached skill level 1 in Air Magic
  2704 | D:3      | Reached skill level 1 in Earth Magic
  2704 | D:3      | Reached skill level 1 in Poison Magic
  2823 | D:3      | Noticed an orc warrior
  2904 | D:3      | Noticed Jessica
  3007 | D:3      | Killed Jessica
  3054 | D:3      | Reached XP level 5. HP: 35/37 MP: 9/12
  3348 | D:3      | Learned a level 3 spell: Summon Guardian Golem
  3353 | D:3      | Learned a level 4 spell: Summon Lightning Spire
  4550 | D:3      | Killed an orc warrior
  4551 | D:3      | Reached XP level 6. HP: 44/44 MP: 11/14
  4756 | D:4      | Found a sand-covered staircase.
  4766 | Ossuary  | Entered an ossuary
  4906 | Ossuary  | Reached skill level 5 in Dodging
  5325 | Ossuary  | Reached XP level 7. HP: 44/51 MP: 8/15
  5790 | D:4      | Identified the +1 robe "Pisk" {SInv}
  5955 | D:4      | Reached skill level 5 in Stealth
  6165 | D:4      | Identified the +7 rapier of the Fortifying Saviour {venom,
                  | rF+ Will- Str+2 Int+4}
  6645 | D:5      | Entered Level 5 of the Dungeon
  7132 | D:5      | Reached XP level 8. HP: 33/58 MP: 12/16
  7284 | D:5      | Found a runed translucent door.
  7286 | D:5      | Noticed leafyfresh's ghost (weakling OpDe)
  7300 | D:5      | Killed leafyfresh's ghost
  7353 | D:5      | Found a runed translucent door.
  7928 | D:6      | Found a staircase to the Ecumenical Temple.
  8033 | Temple   | Entered the Ecumenical Temple
  8033 | Temple   | Found a transporter.
  8033 | Temple   | Found a transporter.
  8035 | Temple   | Found a transporter.
  8035 | Temple   | Found a transporter.
  8051 | Temple   | Became a worshipper of Zin the Law-Giver
  8051 | Temple   | Reached * piety under Zin
  8051 | Temple   | Reached ** piety under Zin
  8387 | D:7      | Found a sacrificial altar of Ru.
  8389 | D:7      | Found a hazy altar of Hepliaklqana.
  8512 | D:7      | Reached XP level 9. HP: 43/65 MP: 16/18
  8622 | D:7      | Found Seog's General Store.
  8634 | D:7      | Bought a potion of heal wounds for 70 gold pieces
  8634 | D:7      | Bought a potion of curing for 42 gold pieces
  9760 | D:8      | Noticed Erica
  9893 | D:8      | Reached skill level 5 in Invocations
 10173 | D:8      | Killed Erica
 10271 | D:8      | Reached skill level 5 in Fighting
 10271 | D:8      | Reached skill level 5 in Short Blades
 10271 | D:8      | Reached skill level 5 in Long Blades
 10271 | D:8      | Reached skill level 5 in Axes
 10271 | D:8      | Reached skill level 5 in Maces & Flails
 10271 | D:8      | Reached skill level 5 in Polearms
 10271 | D:8      | Reached skill level 5 in Staves
 10271 | D:8      | Reached skill level 5 in Ranged Weapons
 10271 | D:8      | Reached skill level 5 in Throwing
 10271 | D:8      | Reached skill level 5 in Armour
 10271 | D:8      | Reached skill level 5 in Shields
 10271 | D:8      | Reached skill level 5 in Unarmed Combat
 10271 | D:8      | Reached skill level 5 in Evocations
 10271 | D:8      | Reached XP level 10. HP: 49/74 MP: 15/20
 10389 | D:8      | Reached *** piety under Zin
 10400 | D:8      | Noticed Joseph
 10413 | D:8      | Killed Joseph
 10914 | D:8      | Found Udoyrume's General Store.
 10925 | D:8      | Bought a scroll of magic mapping for 97 gold pieces
 10925 | D:8      | Bought a +2 cloak of preservation for 279 gold pieces
 10943 | D:8      | Noticed Psyche
 10955 | D:8      | Killed Psyche
 11066 | D:8      | Paralysed by a hornet for 2 turns
 11076 | D:8      | Paralysed by a hornet for 1 turns
 11610 | D:9      | Reached **** piety under Zin
 12943 | D:9      | Reached skill level 5 in Conjurations
 12943 | D:9      | Reached skill level 5 in Hexes
 12943 | D:9      | Reached skill level 5 in Necromancy
 12943 | D:9      | Reached skill level 5 in Translocations
 12943 | D:9      | Reached skill level 5 in Transmutations
 12943 | D:9      | Reached skill level 5 in Fire Magic
 12943 | D:9      | Reached skill level 5 in Ice Magic
 12943 | D:9      | Reached skill level 5 in Air Magic
 12943 | D:9      | Reached skill level 5 in Earth Magic
 12943 | D:9      | Reached skill level 5 in Poison Magic
 13004 | D:9      | Reached XP level 11. HP: 48/81 MP: 14/22
 13236 | D:10     | Entered Level 10 of the Dungeon
 13273 | D:10     | Found a staircase to the Orcish Mines.
 13286 | D:10     | Found a flagged portal.
 13295 | Bailey   | Entered a bailey
 13371 | Bailey   | Reached ***** piety under Zin
 13470 | Bailey   | Noticed an orc knight
 13471 | Bailey   | Noticed an orc knight
 13486 | Bailey   | Killed an orc knight
 13491 | Bailey   | Killed an orc knight
 13784 | Bailey   | Learned a level 7 spell: Summon Hydra
 13985 | D:10     | Noticed a two-headed ogre
 14597 | D:10     | Found a staircase to the Lair.
 14621 | D:10     | Killed a two-headed ogre
 14746 | D:10     | Found the +5 sword of Power {vorpal}
 14931 | Orc:1    | Entered Level 1 of the Orcish Mines
 14952 | Orc:1    | Noticed a two-headed ogre
 14961 | Orc:1    | Killed a two-headed ogre
 14965 | Orc:1    | Noticed an orc high priest
 15217 | D:10     | Killed an orc high priest
 15631 | Orc:1    | Found a bloodstained altar of Trog.
 15767 | Orc:1    | Found Urhe's General Store.
 15942 | Orc:2    | Entered Level 2 of the Orcish Mines
 15992 | Orc:2    | Noticed an orc sorcerer
 16002 | Orc:2    | Killed an orc sorcerer
 16003 | Orc:2    | Reached XP level 12. HP: 91/91 MP: 21/24
 16084 | Orc:2    | Reached ****** piety under Zin
 16121 | Orc:2    | Noticed an orc high priest
 16126 | Orc:2    | Noticed a sun demon
 16153 | Orc:2    | Killed an orc high priest
 16397 | Orc:2    | Noticed an orc warlord
 16563 | Orc:1    | Slain by an orc warlord

Illustrated notes

Levels and vault maps discovered:
D:1:      psy_arrival_fountain, layout_loops_ring, serial_shops, shop_statue
D:2:      layout_rooms, nicolae_ecumenical_oubliette, serial_curves,
          eino_curves_03, eino_curves_02, minmay_tetromino_o2
D:3:      layout_basic, uniq_jessica
D:4:      layout_layer_cave, nicolae_ossuary_entry_ruins
D:5:      layout_gridville, ebering_ghost_sewer_f, nicolae_wormholes
D:6:      layout_gridville, temple_pool_b
D:7:      layout_basic, nicolae_overflow_hidden_temple, serial_shops, shop
D:8:      layout_cave_pools, serial_shops, nicolae_shop_hallway_plus,
          minmay_starry_boxes, uniq_psyche, uniq_joseph, uniq_erica
D:9:      layout_loops_cross, minivault_26
D:10:     layout_loops_ring, david_lair_shrubbed, david_orc_2, enter_bailey_2
Temple:   hellmonk_temple_divided_pantheon
Orc:1:    layout_diamond_mine, serial_shops, nicolae_shop_stone, basic_altar,
          nicolae_orc_pool_cavern
Orc:2:    grunt_orc_cross, layout_caves, kennysheep_orc_chapel

Skill      XL: |  1  2  3  4  5  6  7  8  9 10 11 12 |
---------------+-------------------------------------+-----
Spellcasting   | 5 6 7 8 9 |  9.0
Invocations    | 1 2 3 4 5 6 7 8 |  8.0
Fighting       | 1 2 3 5 6 7 |  7.3
Short Blades   | 1 2 3 5 6 7 |  7.3
Long Blades    | 1 2 3 5 6 7 |  7.3
Axes           | 1 2 3 5 6 7 |  7.3
Maces & Flails | 1 2 3 5 6 7 |  7.3
Polearms       | 1 2 3 5 6 7 |  7.3
Staves         | 1 2 3 5 6 7 |  7.3
Ranged Weapons | 1 2 3 5 6 7 |  7.3
Throwing       | 1 2 3 5 6 7 |  7.3
Armour         | 1 2 3 5 6 7 |  7.3
Shields        | 1 2 3 5 6 7 |  7.3
Unarmed Combat | 1 2 3 5 6 7 |  7.3
Evocations     | 1 2 3 5 6 7 |  7.3
Conjurations   | 1 2 3 4 5 6 |  6.1
Hexes          | 1 2 3 4 5 6 |  6.1
Necromancy     | 1 2 3 4 5 6 |  6.1
Translocations | 1 2 3 4 5 6 |  6.1
Transmutations | 1 2 3 4 5 6 |  6.1
Fire Magic     | 1 2 3 4 5 6 |  6.1
Ice Magic      | 1 2 3 4 5 6 |  6.1
Air Magic      | 1 2 3 4 5 6 |  6.1
Earth Magic    | 1 2 3 4 5 6 |  6.1
Poison Magic   | 1 2 3 4 5 6 |  6.1
Dodging        | 5 6 7 8 |  8.7
Stealth        | 5 6 7 8 |  8.5
Summonings     | 8 9 |  9.4

Action                   |  1- 3 |  4- 6 |  7- 9 | 10-12 || total
-------------------------+-------+-------+-------+-------++-------
Melee: Unarmed           |   128 |    65 |    36 |       ||   229
       Bite              |    10 |     6 |    16 |    24 ||    56
       Punch             |       |     1 |     4 |     9 ||    14
       Rapier            |       |       |   165 |   197 ||   362
 Cast: Summon Small Mamm |    62 |    28 |    23 |    39 ||   152
       Call Canine Famil |     1 |    19 |    18 |    46 ||    84
       Summon Guardian G |       |     4 |     4 |    12 ||    20
       Summon Lightning  |       |     2 |     4 |    39 ||    45
  Use: Scroll            |       |     9 |     2 |     6 ||    17
       Potion            |       |       |       |     5 ||     5
 Stab: Sleeping          |     2 |       |    13 |     3 ||    18
       Distracted        |     1 |       |     5 |     1 ||     7
Armor: Robe              |    40 |    20 |    35 |    24 ||   119
       Troll leather arm |       |       |       |    15 ||    15
Dodge: Dodged            |   109 |    42 |   123 |   184 ||   458
Block: Other             |       |       |       |    57 ||    57
       Reflection        |       |       |       |     1 ||     1
